 Dungeon Crawl Stone Soup version 0.17.1-3-g152610e (webtiles) character file.

80 Peloso the Covered (level 4, 0/40 HPs)
             Began as a Minotaur Fighter on Mar 25, 2016.
             Slain by Grinder (2 damage)
             ... on level 3 of the Dungeon.
             The game lasted 00:05:35 (1382 turns).

Peloso the Covered (Minotaur Fighter)               Turns: 1382, Time: 00:05:35

Health: 0/40       AC:  7    Str: 21    XL:     4   Next: 18%
Magic:  3/3        EV:  8    Int:  5    God:
Gold:   122        SH:  9    Dex: 10    Spells: 0 memorised, 3 levels left

rFire  . . .     SeeInvis .     a - +0 long sword
rCold  . . .     Clarity  .     b - +0 scale mail
rNeg   . . .     SustAt   +     c - +0 shield
rPois  .         Gourm    .     (helmet restricted)
rElec  .         Spirit   .     (no cloak)
rCorr  .         Warding  .     (no gloves)
rMut   .         Stasis   .     (no boots)
MR     .....                    f - amulet of regeneration
Stlth  ..........               u - ring of sustain attributes
                                n - ring of loudness (curse)

@: not resistant to hostile enchantments, extremely unstealthy
A: retaliatory headbutt, horns 2
a: no special abilities


You were on level 3 of the Dungeon.
You were not hungry.

You visited 1 branch of the dungeon, and saw 3 of its levels.

You collected 122 gold pieces.

Inventory:

Hand Weapons
 a - a +0 long sword (weapon)
Armour
 b - a +0 scale mail (worn)
 c - a +0 shield (worn)
Jewellery
 f - an amulet of regeneration (around neck)
 n - a cursed ring of loudness (left hand)
 u - a ring of sustain attributes (right hand)
Scrolls
 g - 4 scrolls of remove curse {unknown}
 i - 2 scrolls of enchant armour {unknown}
 k - a scroll of noise {unknown}
 m - a scroll of random uselessness {unknown}
 p - 3 scrolls of fear {unknown}
 q - a scroll of identify {unknown}
 r - a scroll of teleportation {unknown}
 y - a scroll of enchant weapon {unknown}
Potions
 d - 2 potions of might
 h - a potion of invisibility {unknown}
 l - a potion of heal wounds {unknown}
 o - a potion of brilliance {unknown}
 s - a potion of agility
 t - a potion of ambrosia {unknown}
 v - a potion of curing {unknown}
 w - a potion of beneficial mutation {unknown}
 x - a potion of poison {unknown}
 z - a potion of degeneration {unknown}
Comestibles
 e - a bread ration
 j - a beef jerky
 A - a chunk of flesh


   Skills:
 + Level 3.7 Fighting
 + Level 2.8 Long Blades
 + Level 4.6 Armour
 + Level 1.9 Dodging
 + Level 4.4 Shields


You had 3 spell levels left.
You didn't know any spells.

Dungeon Overview and Level Annotations

Branches:
Dungeon (3/15)

Altars:

Annotations:
D:3 Grinder


Innate Abilities, Weirdness & Mutations

You reflexively headbutt those who attack you in melee.
You have a pair of horns on your head.


Message History

You slash Grinder!
Grinder is severely wounded.
Grinder gestures at you.
You barely resist. You slash Grinder!
Grinder is almost dead.
You block Grinder's attack. Grinder hits you.
You writhe in agony.
You closely miss Grinder. You headbutt Grinder.
Grinder is almost dead.
Grinder hits you.
You writhe in agony.
You closely miss Grinder.
Grinder is almost dead.
Grinder hits you.
* * * LOW HITPOINT WARNING * * *
You hit Grinder.
Grinder is almost dead.
Grinder hits you!
* * * LOW HITPOINT WARNING * * *
You writhe in agony.
You die...

#..........#.....#
#..........#.....#
#..........#.....#
####.#######.....#
#.# #.....# #.#
####### #.####
####.
#....######......
##.......@5......
#..##......##...
#..###....## #...
##..## #.... ####
#.(... #.^...
#....#


You could see Grinder.

Vanquished Creatures
  Robin (D:2)
  An adder (D:3)
  3 giant geckos (D:1)
  An orc (D:3)
  8 bats
  11 goblins
  9 hobgoblins
  3 jackals (D:2)
  3 giant newts (D:1)
  7 kobolds
  12 rats
59 creatures vanquished.

Vanquished Creatures (others)
  A plant (D:1)
1 creature vanquished.

Grand Total: 60 creatures vanquished

Notes
Turn   | Place    | Note
--------------------------------------------------------------
     0 | D:1      | Peloso the Minotaur Fighter began the quest for the Orb.
     0 | D:1      | Reached XP level 1. HP: 19/19 MP: 0/0
   147 | D:1      | Reached skill level 4 in Armour
   157 | D:1      | Reached XP level 2. HP: 24/27 MP: 1/1
   483 | D:1      | Reached XP level 3. HP: 33/33 MP: 2/2
   794 | D:2      | Noticed Robin
   817 | D:2      | Killed Robin
   817 | D:2      | Reached skill level 1 in Dodging
  1042 | D:2      | Reached XP level 4. HP: 40/40 MP: 3/3
  1367 | D:3      | Noticed Grinder
  1382 | D:3      | HP: 2/40 [Grinder (8)]
  1382 | D:3      | Slain by Grinder

Action                   |  1- 3 |  4- 6 || total
-------------------------+-------+-------++-------
Melee: Long sword        |   121 |    16 ||   137
  Eat: Chunk             |     1 |     1 ||     2
